 Dungeon Crawl Stone Soup version 0.22-a0-354-g30dfbe6 (webtiles) character file.

1441 fishen the Grappler (level 8, -11/70 HPs)
             Began as a Troll Hunter on Apr 17, 2018.
             Was a Believer of Okawaru.
             Mangled by an orc warrior
             ... wielding a +0 short sword
              (15 damage)
             ... on level 6 of the Dungeon.
             The game lasted 00:14:31 (3995 turns).

fishen the Grappler (Troll Hunter)                  Turns: 3995, Time: 00:14:32

Health: -11/70     AC: 11    Str: 26    XL:     8   Next: 46%
Magic:  7/7        EV: 10    Int:  7    God:    Okawaru [**....]
Gold:   373        SH:  0    Dex: 10    Spells: 7/7 levels left

rFire    . . .     SeeInvis .     - Unarmed
rCold    . . .     Gourm    +   (no shield)
rNeg     . . .     Faith    .   l - +0 robe
rPois    .         Spirit   .   (helmet restricted)
rElec    .         Reflect  .   q - +1 cloak
rCorr    .         Harm     .   (gloves unavailable)
MR       .....                  (boots unavailable)
Stlth    +.........             (no amulet)
HPRegen  0.61/turn              k - +4 ring of protection
MPRegen  0.10/turn              b - +3 ring of strength

@: lethally poisoned (-11 -> -14)
A: large, unfitting armour, claws 3, fast metabolism 3, gourmand, regeneration
1, shaggy fur 1, tough skin 2
a: Heroism, Renounce Religion


You were on level 6 of the Dungeon.
You worshipped Okawaru.
Okawaru was pleased with you.
You were not hungry.

You visited 1 branch of the dungeon, and saw 6 of its levels.

You collected 373 gold pieces.

Inventory:

Missiles
 c - 5 large rocks
 d - 2 throwing nets
 g - 174 stones (quivered)
 h - 14 poisoned needles
 s - 97 arrows
Armour
 l - a +0 robe (worn)
 q - a +1 cloak (worn)
Jewellery
 b - a +3 ring of strength (right claw)
 k - a +4 ring of protection (left claw)
 y - an uncursed ring of see invisible
Wands
 p - a wand of random effects (24)
Scrolls
 i - 2 scrolls of identify
 j - a scroll of teleportation
 r - 2 scrolls of magic mapping
 t - a scroll of enchant armour
 x - 2 scrolls of remove curse
 z - a scroll of fog {unknown}
Potions
 a - 2 potions of agility {unknown}
 e - 3 potions of flight {unknown}
 m - 2 potions of curing
 n - a potion of resistance {unknown}
 o - a potion of heal wounds
 u - 2 potions of cancellation {unknown}
 v - 2 potions of ambrosia {unknown}
 w - 3 potions of might {unknown}
Comestibles
 f - 8 rations


   Skills:
 - Level 1.5 Fighting
 - Level 3.6 Throwing
 - Level 1.5 Dodging
 - Level 0.3 Stealth
 + Level 10.4 Unarmed Combat


You had 7 spell levels left.
You didn't know any spells.

Dungeon Overview and Level Annotations

Branches:
Dungeon (6/15)             Temple (0/1) D:5

Altars:
Ashenzari
Hepliaklqana
Okawaru
Qazlal
Vehumet
Wu Jian
Xom
Yredelemnul

Shops:
D:5 %*


Innate Abilities, Weirdness & Mutations

You are too large for most types of armour.
You have claws for hands.
Your metabolism is lightning-fast.
You like to eat raw meat.
Your natural rate of healing is unusually fast.
You are covered in fur. (AC +1)
You have very tough skin. (AC +2)


Message History

You claw the orc warrior, but do no damage.
The orc warrior is heavily wounded.
You feel sick.
The orc warrior hits you with a short sword!
* * * LOW HITPOINT WARNING * * *
You scratch the orc warrior.
The orc warrior is severely wounded.
You feel sick.
The orc warrior hits you but does no damage.
You closely miss the orc warrior.
The orc warrior is severely wounded.
You feel sick.
The orc warrior hits you with a short sword.
* * * LOW HITPOINT WARNING * * *
You scratch the orc warrior.
The orc warrior is almost dead.
* * * LOW HITPOINT WARNING * * *
You feel sick.
The orc warrior hits you with a short sword!
You die...

#...# #.......#
#.#.# #......
#...####......
##.#.....<...#
####.#.#####...#
#.......#......###
#.##.#..#........†
#.##.#..#..##.....
#@##........#..#.#
#o####.........#..
#.....o#
##.#........#
#.##....
.#......#.#
.....##
###........
.#..... ####.####
# #..#.. #...#
#..#.. #...###
......$ #.÷....


You could see an orc warrior and an orc.

Vanquished Creatures
  A sky beast (D:5)
  An ice beast (D:5)
  An ogre (D:4)
  A centaur (D:5)
  A big kobold (D:5)
  3 bullfrogs (D:6)
  A water moccasin zombie (D:5)
  3 scorpions
  4 bullfrog zombies (D:5)
  A centaur zombie (D:5)
  Crazy Yiuf (D:3)
  2 crimson imps
  A hound (D:4)
  A jelly (D:5)
  An orc priest (D:3)
  A centaur skeleton (D:5)
  A worker ant (D:4)
  2 hound zombies (D:5)
  A howler monkey skeleton (D:6)
  6 adders
  2 shadow imps
  2 oozes
  3 adder skeletons
  2 adder zombies (D:5)
  3 worms
  A dart slug (D:1)
  2 leopard geckos
  12 orcs
  4 giant cockroaches
  5 goblins
  6 hobgoblins
  8 jackals
  11 kobolds
  3 quokkas
  A ball python skeleton (D:5)
  3 bats
  4 frilled lizards
  A giant cockroach zombie (D:6)
  A quokka skeleton (D:5)
  8 rats (D:1)
  2 fungi (D:3)
118 creatures vanquished.

Notes
Turn   | Place    | Note
-------+----------+-------------------------------------------
     0 | D:1      | fishen the Troll Hunter began the quest for the Orb.
     0 | D:1      | Reached XP level 1. HP: 19/19 MP: 0/0
    86 | D:1      | Reached skill level 1 in Unarmed Combat
   225 | D:1      | Reached XP level 2. HP: 27/27 MP: 1/1
   232 | D:1      | Reached skill level 2 in Unarmed Combat
   314 | D:1      | You fall through a shaft!
   397 | D:2      | Reached XP level 3. HP: 14/33 MP: 2/2
   494 | D:1      | Reached skill level 3 in Unarmed Combat
  1180 | D:2      | Reached XP level 4. HP: 38/41 MP: 3/3
  1311 | D:2      | Reached skill level 4 in Unarmed Combat
  1779 | D:3      | Found an iron altar of Okawaru.
  1782 | D:3      | Found a radiant altar of Vehumet.
  1785 | D:3      | Found an ornate altar of the Wu Jian Council.
  1806 | D:3      | Reached XP level 5. HP: 48/48 MP: 4/4
  1885 | D:3      | Found a runed door.
  1889 | D:3      | Noticed Crazy Yiuf
  1897 | D:3      | Paralysed by Crazy Yiuf for 6 turns
  1903 | D:3      | Killed Crazy Yiuf
  1903 | D:3      | Reached skill level 5 in Unarmed Combat
  2025 | D:3      | Found a shattered altar of Ashenzari.
  2387 | D:3      | Became a worshipper of Warmaster Okawaru
  2469 | D:4      | Found a stormy altar of Qazlal.
  2544 | D:4      | Reached skill level 6 in Unarmed Combat
  2544 | D:4      | Reached XP level 6. HP: 43/55 MP: 5/5
  2897 | D:4      | Reached skill level 7 in Unarmed Combat
  3034 | D:5      | Entered Level 5 of the Dungeon
  3061 | D:5      | Found Cemel's Assorted Antiques.
  3114 | D:5      | Found a staircase to the Ecumenical Temple.
  3116 | D:5      | Noticed an ice beast
  3119 | D:5      | Reached XP level 7. HP: 62/62 MP: 6/6
  3128 | D:5      | Reached * piety under Okawaru
  3149 | D:5      | Found a basalt altar of Yredelemnul.
  3158 | D:5      | Reached skill level 8 in Unarmed Combat
  3403 | D:5      | Found Ethres's Food Shoppe.
  3407 | D:5      | Reached ** piety under Okawaru
  3407 | D:5      | Reached skill level 9 in Unarmed Combat
  3407 | D:5      | Reached XP level 8. HP: 70/70 MP: 7/7
  3827 | D:6      | Reached skill level 10 in Unarmed Combat
  3879 | D:6      | Found a hazy altar of Hepliaklqana.
  3880 | D:6      | Found a shimmering altar of Xom.
  3881 | D:6      | Noticed a spectral ugly thing
  3995 | D:6      | Mangled by an orc warrior

Vault maps used:
D:1:      onia_arrival_handbag
D:2:      first_ration
D:3:      nicolae_overflow_hidden_temple, nicolae_ashenzari_panopticon,
          uniq_crazy_yiuf_cottage
D:4:      nicolae_qazlal_general_emergency
D:5:      minmay_temple_entry_junction_2, serial_undead, serial_undead_b,
          serial_undead_f, serial_undead_e, serial_undead_d, serial_undead_b,
          serial_shops, nicolae_shop_behind_doors, shop,
          yredelemnul_altar_generic
D:6:      regret_index_temple_of_mockery, minmay_misc_feat_alley

Skill      XL: |  1  2  3  4  5  6  7  8 |
---------------+-------------------------+-----
Unarmed Combat | 1 2 3 4 6 7 9 10 | 10.4
Fighting       | |  1.5
Throwing       | |  3.6
Dodging        | |  1.5
Stealth        | |  0.3

Action                   |  1- 3 |  4- 6 |  7- 9 || total
-------------------------+-------+-------+-------++-------
Melee: Unarmed           |    82 |   126 |   144 ||   352
       Punch             |     3 |     6 |     3 ||    12
Throw: Stone             |     5 |     6 |       ||    11
Invok: Heroism           |       |       |     1 ||     1
  Use: Scroll            |       |    10 |       ||    10
       Potion            |       |     2 |       ||     2
 Stab: Sleeping          |     4 |       |       ||     4
  Eat: Chunk             |    16 |    14 |     6 ||    36
Armor: Robe              |    41 |    38 |    98 ||   177
Dodge: Dodged            |    46 |    48 |   110 ||   204

Table legend:
 A = Spawn XP
 B = Non-spawn XP
 C = Spawn XP percentage of total XP
 D = Spawn monster count
 E = Non-spawn monster count
 F = Spawn count percentage of total count
 G = Total turns spent on level
                    A         B        C        D         E        F      G
               +---------+---------+-------+---------+---------+-------+---------
         Total |       0 |    2059 |   0.0 |       0 |     116 |   0.0 |  3995
               +---------+---------+-------+---------+---------+-------+---------
           D:1 |       0 |      42 |   0.0 |       0 |      22 |   0.0 |   924
           D:2 |       0 |      94 |   0.0 |       0 |      26 |   0.0 |   748
           D:3 |       0 |     111 |   0.0 |       0 |      12 |   0.0 |   639
           D:4 |       0 |     395 |   0.0 |       0 |      15 |   0.0 |   723
           D:5 |       0 |    1003 |   0.0 |       0 |      31 |   0.0 |   773
           D:6 |       0 |     414 |   0.0 |       0 |      10 |   0.0 |   188
               +---------+---------+-------+---------+---------+-------+---------
